[Event "Early-Titled-Tuesday-Blitz-September-05-2023"]
[Site "Chess.com"]
[Date "2023.09.05"]
[Round "3"]
[White "amintabatabaei"]
[Black "PeshkaCh"]
[Result "1/2-1/2"]
[WhiteElo "3011"]
[BlackElo "2795"]
[TimeControl "180+1"]
[EndTime "8:29:36 PDT"]
[Termination "Game drawn - insufficient material"]

1. c4 e5 2. Nf3 Nc6 3. g3 Nf6 4.
Bg2 d5 5. cxd5 Nxd5 6. O-O Be6 7.
d4 exd4 8. Nxd4 Nxd4 9. Qxd4 c6 10. Nc3 Qf6 11. Qa4 Nb6 12. Qc2 Bb4 13. Ne4 Qg6 14. Be3 O-O 15. Bc5 Bxc5 16. Qxc5 Bd5 17. Nc3 Bxg2 18. Kxg2 Qc2 19. Rab1 Na4 20. Nxa4 Qxa4 21. a3 Qe4+ 22. Kg1 Qxe2 23. Rfe1 Qd3 24. Rbd1 Qb3 25. Rd2 h6 26. Re3 Qa2 27. Re7 Qb3 28. Rdd7 Qxb2 29. Rxb7 Qa1+ 30. Kg2 a5 31. h4 a4 32. Qc4 Qf6 33.
Rbc7 g6 34. Re3 Rac8 35. Rxc8 Rxc8 36. Qxa4 c5 37. Qd7 Rd8 38. Qc7 Qd4 39. a4 Qd5+ 40.
Kh2 Ra8 41. Re5 Qa2 42. Qxc5 Qxa4 43. h5 g5 44. Qd6 Qa2 45. Rf5 Qe6 46. Qxe6 fxe6 47.
Rf6 Kg7 48. Rg6+ Kh7 49. Rxe6 Rf8 50. Re7+ Kg8 51. Kg2 Ra8 52. Kh3 Ra4 53. Rc7 Rb4 54. Ra7 Rc4 55. f3 Rb4 56. Rc7 Ra4 57. Rd7 Rb4 58.
Rd2 Kg7 59. Rc2 Ra4 60. Rf2 Rb4 61. f4 gxf4 62. gxf4 Kf6 63. Kg4 Rb1 64. Ra2 Rg1+ 65. Kf3 Rf1+ 66. Kg3 Rg1+ 67. Kf2 Rh1 68. Ra6+ Kf5 69.
Kg3 Rg1+ 70. Kh2 Rg8 71. Kh3 Kxf4 72. Kh4 Rg4+ 73. Kh3 Rg3+ 74. Kh4 Rg4+ 75. Kh3 Rg3+ 76. Kh2 Rg8 77. Rg6 Ra8 78. Kh3 Ra3+ 79. Kh4 Kf5 80. Rxh6 Ra4+ 81. Kh3 Kg5 82. Rd6 Rh4+ 83. Kg3 Rxh5 84.
Rc6 Rh1 85. Rc5+ Kf6 86. Rc6+ Kg5 87. Rc2 Rg1+ 88. Rg2 Rxg2+ 89. Kxg2 1/2-1/2

[Event "Early-Titled-Tuesday-Blitz-September-05-2023"]
[Site "Chess.com"]
[Date "2023.09.05"]
[Round "3"]
[White "Karacsonyi_Gellert"]
[Black "Cheer_Down"]
[Result "1/2-1/2"]
[WhiteElo "2822"]
[BlackElo "2445"]
[TimeControl "180+1"]
[EndTime "8:30:13 PDT"]
[Termination "Game drawn by 50-move rule"]

1. e4 c5 2. Nf3 d6 3. d4 cxd4 4.
Nxd4 Nf6 5. Nc3 a6 6. Bc4 e6 7.
O-O Nc6 8. Bb3 Be7 9. Be3 O-O 10.
f4 Nxd4 11. Bxd4 b5 12. e5 dxe5 13. fxe5 Nd7 14. Qf3 Nc5 15. Rad1 Bb7 16. Qg4 Nxb3 17. cxb3 b4 18. Ne4 Bxe4 19. Qxe4 Rc8 20. Kh1 Qd5 21. Qg4 Rc2 22. Be3 Qxe5 23. Bd4 Qg5 24. Qe4 Rfc8 25. Qf3 f5 26. Rfe1 Rc1 27. Be3 Rxd1 28. Rxd1 Qg4 29. Rd7 Qxf3 30. gxf3 Kf8 31. Ra7 Rc2 32. Bd4 Rd2 33.
Bxg7+ Kxg7 34. Rxe7+ Kf6 35. Ra7 Rxb2 36. Rxa6 h5 37.
Rb6 h4 38. h3 Rxa2 39. Rxb4 Kg5 40.
f4+ Kf6 41. Kg1 Rb2 42. Rb8 Rc2 43. Rh8 Rb2 44. Rxh4 Rxb3 45. Rh6+ Kf7 46. Kg2 Re3 47. Rh7+ Kf6 48. Rh6+ Kf7 49. Rh8 e5 50. fxe5 Rxe5 51. Rh6 Ra5 52. Rb6 Kg7 53. Kg3 Kf7 54. Kf4 Kg7 55.
h4 Kh7 56. h5 Kg7 57. Kg5 Kh7 58. Rb7+ Kh8 59. Rb6 Kh7 60. h6 f4+ 61. Kxf4 Rh5 62. Kg4 Rxh6 63. Rb7+ Kh8 64. Kg5 Rh1 65. Rb3 Rg1+ 66.
Kf6 Kh7 67. Rb7+ Kh6 68. Rb2 Rf1+ 69. Ke5 Kg7 70. Rg2+ Kf7 71. Rh2 Rf6 72. Ra2 Re6+ 73. Kf5 Rf6+ 74. Kg5 Rg6+ 75. Kf5 Rb6 76. Ra7+ Ke8 77.
Rc7 Kd8 78. Rh7 Rb5+ 79. Ke6 Kc8 80. Kd6 Rb6+ 81. Kc5 Rg6 82. Rf7 Kd8 83. Rf5 Ke8 84. Kd5 Ke7 85. Rf2 Kd7 86. Rf7+ Ke8 87. Ra7 Kd8 88.
Ke5 Ke8 89. Kf5 Rb6 90. Rc7 Kd8 91. Rh7 Ke8 92. Ke5 Kd8 93. Rf7 Rg6 94. Rf3 Rh6 95.
Rd3+ Kc8 96. Ra3 Kb8 97. Kf5 Rb6 98. Ra4 Kb7 99. Ke5 Kc6 100. Rc4+ Kb5 101. Rc1 Kb4 102. Kd5 Rb5+ 103. Kd4 Rh5 104. Rb1+ Ka3 105. Kc3 Rh3+ 106. Kc4 Rh4+ 107. Kc5 Rh5+ 108. Kd4 Rh4+ 109. Ke5 Rh5+ 110. Kf4 Rh4+ 111. Kg3 Rh8 112. Rb7 Rg8+ 1/2-1/2

[Event "Early-Titled-Tuesday-Blitz-September-05-2023"]
[Site "Chess.com"]
[Date "2023.09.05"]
[Round "3"]
[White "crazy_m_attack"]
[Black "WPWPWP-2015"]
[Result "1/2-1/2"]
[WhiteElo "2350"]
[BlackElo "2559"]
[TimeControl "180+1"]
[EndTime "8:30:14 PDT"]
[Termination "Game drawn by repetition"]

1. e4 c5 2. Nf3 d6 3. d4 cxd4 4.
Nxd4 Nf6 5. Nc3 a6 6. Be2 e6 7.
O-O Be7 8. Be3 Nc6 9. f4 O-O 10. a4 Bd7 11. Kh1 Rc8 12. Qe1 Na5 13. Bf3 Nc4 14.
Bc1 e5 15. Nf5 Bxf5 16. exf5 exf4 17. Bxb7 Rb8 18. Bxa6 Ne3 19. Bxe3 fxe3 20. Qxe3 Rxb2 21. Rae1 Qa5 22. Bb5 Bd8 23. Qg3 Rxc2 24. Ne4 d5 25. Nxf6+ Bxf6 26. Qd3 Rd2 27. Qa3 Rd8 28. Rc1 h6 29.
Qc5 d4 30. Rcd1 d3 31. Rxd2 Qxd2 32. Qa3 Qe2 33. Qc1 Bg5 34. Qd1 Qc2 35. h3 Qc3 36. Rf3 Qd4 37. Rxd3 Qb6 38. Rxd8+ Bxd8 39. Qd5 Bc7 40.
Qc6 Qb8 41. Qe8+ Qxe8 42. Bxe8 Kf8 43. Bb5 Ke7 44. g4 Kf6 45. Kg2 Bb6 46. Be8 Ke7 47. Bb5 f6 48. Kf3 Kd6 49. Ke4 Ba7 50. a5 Kc5 51.
Be2 Bb8 52. a6 Ba7 53. h4 Kd6 54. Kf4 Bf2 55. h5 Bb6 56. Ke4 Kc5 57. Bf1 Ba7 58. Kd3 Kd5 59. Ke2 Ke4 60. Kd2 Kf3 61. Be2+ Kf4 62.
Kc3 Ke5 63. Kb4 Kd6 64. Kb5 Kd5 65. Bf3+ Kd6 66. Bg2 Bf2 67. Kc4 Bg1 68. Bb7 Ke5 69. Bf3 Kf4 70. Be2 Ke5 71. Kb5 Kd6 72. Bf3 Bf2 73.
Bg2 Be3 74. Bf3 Bd4 75. Bg2 Bc5 76. Bf3 Ba7 77. Be2 Be3 78. Bc4 Bf2 79. Bf7 Bg1 80. Bc4 Be3 81. Be2 Kd5 82. Bf3+ Kd6 83. Be2 Bf2 84.
Bf3 Ke5 85. Kc6 Kf4 86. Be2 Ke3 87. Bd1 Kd2 88. Bb3 Ke2 89. a7 Bxa7 90. Kd6 Kf3 91. Bd1+ Kf4 92. Ke7 Kg5 93. Kf7 Bd4 94. Kxg7 Bc3 95.
Kf7 Bb2 96. Kg7 Bc3 97. Kf7 Bd2 98. Kg7 Be3 99. Kf7 Bf2 100. Kg7 Bg1 101. Kf7 Bh2 102. Kg7 Bg3 103. Kf7 Bf4 104. Kg7 Bg3 105. Kf7 Bh4 106. Kg7 Bg3 1/2-1/2

[Event "Early-Titled-Tuesday-Blitz-September-05-2023"]
[Site "Chess.com"]
[Date "2023.09.05"]
[Round "4"]
[White "I_am_Javi"]
[Black "Ural_bogatyr"]
[Result "1-0"]
[WhiteElo "2749"]
[BlackElo "2546"]
[TimeControl "180+1"]
[EndTime "8:31:54 PDT"]
[Termination "I_am_Javi won by resignation"]

1. e4 e5 2. Nf3 Nc6 3. d4 exd4 4.
Bc4 Bc5 5. O-O Nf6 6. e5 d5 7. exf6 dxc4 8. fxg7 Rg8 9. Bg5 Qd6 10.
Nbd2 Bf5 11. Re1+ Kd7 12. Nxc4 Qd5 13. Nce5+ Kc8 14. Nxc6 bxc6 15. Re5 1-0

[Event "Early-Titled-Tuesday-Blitz-September-05-2023"]
[Site "Chess.com"]
[Date "2023.09.05"]
[Round "4"]
[White "PawnEatingZombie"]
[Black "milovichalex"]
[Result "0-1"]
[WhiteElo "2054"]
[BlackElo "2286"]
[TimeControl "180+1"]
[EndTime "8:31:55 PDT"]
[Termination "milovichalex won by resignation"]

1. e4 e5 2. Nf3 Nc6 3. d4 exd4 4. Nxd4 Nf6 5. Nxc6 dxc6 6. Nd2 Bc5 7. Bd3 Ng4 8. O-O Qh4 9. Nf3 Nxf2 10. Nxh4 Nxd1+ 11. Kh1 Nf2+ 0-1

[Event "Early-Titled-Tuesday-Blitz-September-05-2023"]
[Site "Chess.com"]
[Date "2023.09.05"]
[Round "4"]
[White "nassimzrikem"]
[Black "Sjakkerntobi"]
[Result "0-1"]
[WhiteElo "2237"]
[BlackElo "2480"]
[TimeControl "180+1"]
[EndTime "8:32:39 PDT"]
[Termination "Sjakkerntobi won by resignation"]

1. d4 Nf6 2. Nf3 e6 3. e3 c5 4. Bd3 b6 5. c3 Ba6 6. Nbd2 Bxd3 7. Ne5 Ba6 8. Qf3 d5 9. g4 h6 10. e4 Bb7 11. Nxf7 Kxf7 12. e5 Nc6 13. Nb3 cxd4 14. cxd4 Bb4+ 15. Bd2 Bxd2+ 16. Kxd2 Rf8 17. h4 Kg8 18.
exf6 Qxf6 19. Qe3 Qxf2+ 0-1

[Event "Early-Titled-Tuesday-Blitz-September-05-2023"]
[Site "Chess.com"]
[Date "2023.09.05"]
[Round "4"]
[White "AdrianaPalao"]
[Black "Battever"]
[Result "0-1"]
[WhiteElo "2068"]
[BlackElo "2462"]
[TimeControl "180+1"]
[EndTime "8:32:47 PDT"]
[Termination "Battever won by resignation"]

1. e4 e5 2. Nf3 d6 3. d4 exd4 4. Nxd4 Nf6 5. Nc3 Be7 6. Bc4 O-O 7. Be3 Re8 8. f3 c6 9. Qd2 d5 10. exd5 Nxd5 11. Nxd5 cxd5 12. Bd3 Bg5 13. Be2 Bxe3 14. Qd3 Qh4+ 15. g3 Qxd4 0-1

[Event "Early-Titled-Tuesday-Blitz-September-05-2023"]
[Site "Chess.com"]
[Date "2023.09.05"]
[Round "4"]
[White "colegiodemadrid"]
[Black "chess123456s"]
[Result "0-1"]
[WhiteElo "2457"]
[BlackElo "2672"]
[TimeControl "180+1"]
[EndTime "8:32:58 PDT"]
[Termination "chess123456s won by checkmate"]

1. e4 e5 2. Nf3 Nc6 3. Bc4 Nf6 4.
d4 exd4 5. e5 d5 6. Bb5 Ne4 7.
Nxd4 Bc5 8. O-O O-O 9. Nxc6 bxc6 10. Bxc6 Ba6 11. Qxd5 Bxf1 12. Qxd8 Raxd8 13. Bxe4 Rd1 14. Nc3 Re1 15. Be3 Rxa1 16. Bxc5 Be2+ 17. Nd1 Rxd1# 0-1

[Event "Early-Titled-Tuesday-Blitz-September-05-2023"]
[Site "Chess.com"]
[Date "2023.09.05"]
[Round "4"]
[White "farzadbfd"]
[Black "isla88"]
[Result "1-0"]
[WhiteElo "2704"]
[BlackElo "2488"]
[TimeControl "180+1"]
[EndTime "8:32:59 PDT"]
[Termination "farzadbfd won by resignation"]

1. d4 Nf6 2. Nf3 c5 3. d5 b5 4. a4 Bb7 5. c4 bxc4 6. Nc3 e6 7. e4 Nxe4 8. Nxe4 exd5 9. Bg5 Be7 10. Nd6+ Kf8 11. Nxb7 Qe8 12. Qe2 Na6 13. Rd1 d4 14.
Qxe7+ Qxe7+ 15. Bxe7+ Kxe7 16. Bxc4 1-0

[Event "Early-Titled-Tuesday-Blitz-September-05-2023"]
[Site "Chess.com"]
[Date "2023.09.05"]
[Round "4"]
[White "moro182"]
[Black "Jospem"]
[Result "0-1"]
[WhiteElo "2846"]
[BlackElo "3057"]
[TimeControl "180+1"]
[EndTime "8:33:08 PDT"]
[Termination "Jospem won by resignation"]

1. c4 Nf6 2. g3 d6 3. Bg2 g6 4. b3 Bg7 5. Bb2 O-O 6. d4 c6 7. Nf3 Bf5 8. Nh4 Be6 9. O-O d5 10. Nd2 a5 11. Nhf3 Bf5 12. Nh4 Bg4 13. h3 Be6 14.
Nhf3 a4 15. e3 Bf5 16. Bc3 Ne4 17. Nxe4 Bxe4 18. Re1 Nd7 19. Bf1 axb3 20. axb3 Rxa1 21. Qxa1 Bxf3 0-1

[Event "Early-Titled-Tuesday-Blitz-September-05-2023"]
[Site "Chess.com"]
[Date "2023.09.05"]
[Round "4"]
[White "santosalberto1987"]
[Black "econpower"]
[Result "1/2-1/2"]
[WhiteElo "2553"]
[BlackElo "2725"]
[TimeControl "180+1"]
[EndTime "8:33:11 PDT"]
[Termination "Game drawn by repetition"]

1. e4 c5 2. Nf3 Nc6 3. Nc3 g6 4. d4 cxd4 5. Nxd4 Bg7 6. Be3 d6 7. Qd2 Nf6 8. f3 O-O 9. Bc4 Bd7 10. h4 Rc8 11. Bb3 h5 12. O-O-O Ne5 13. Kb1 Nc4 14. Bxc4 Rxc4 15. Nde2 b5 16. Bh6 a5 17. Bxg7 Kxg7 18. Nf4 b4 19. Ncd5 Nxd5 20. Nxd5 Be6 21. Nf4 Qb6 22.
Nxh5+ gxh5 23. Qg5+ Kh7 24. Qxh5+ Kg8 25. Qg5+ Kh7 26. Qh5+ Kg8 27. Qg5+ Kh7 28. Qh5+ 1/2-1/2

[Event "Early-Titled-Tuesday-Blitz-September-05-2023"]
[Site "Chess.com"]
[Date "2023.09.05"]
[Round "4"]
[White "lexisvar"]
[Black "play1ngtheangel"]
[Result "0-1"]
[WhiteElo "2451"]
[BlackElo "2674"]
[TimeControl "180+1"]
[EndTime "8:33:24 PDT"]
[Termination "play1ngtheangel won by resignation"]

1. e4 c5 2. Nf3 Nc6 3. d4 cxd4 4.
Nxd4 Nf6 5. Nc3 e5 6. Ndb5 d6 7. Nd5 Nxd5 8. exd5 Nb8 9. Qf3 Be7 10. Qc3 Na6 11.
Be3 O-O 12. Nxa7 f5 13. Bxa6 bxa6 14. Nc6 Qe8 15. Nxe7+ Qxe7 16. f3 f4 17. Bf2 Bf5 18.
Qd2 Rab8 19. c4 e4 20. fxe4 Qxe4+ 21. Qe2 Rfe8 22. Qxe4 Rxe4+ 23. Kf1 Rxb2 0-1

[Event "Early-Titled-Tuesday-Blitz-September-05-2023"]
[Site "Chess.com"]
[Date "2023.09.05"]
[Round "4"]
[White "Virgo15"]
[Black "SHIVACalypso"]
[Result "1-0"]
[WhiteElo "2697"]
[BlackElo "2475"]
[TimeControl "180+1"]
[EndTime "8:33:30 PDT"]
[Termination "Virgo15 won by resignation"]

1. d4 Nf6 2. Bf4 c5 3. d5 e6 4. Nc3 exd5 5. Nxd5 d6 6. e4 Be6 7. Nf3 Nxe4 8. Bb5+ Nc6 9. O-O Be7 10. Re1 Nf6 11. Nxe7 Qxe7 12. Bxd6 Qd7 13. Ne5 Qc8 14. Qf3 Nd7 15. Nxf7 1-0

[Event "Early-Titled-Tuesday-Blitz-September-05-2023"]
[Site "Chess.com"]
[Date "2023.09.05"]
[Round "4"]
[White "Druid24"]
[Black "Gogolev_Artemy"]
[Result "1-0"]
[WhiteElo "2650"]
[BlackElo "2431"]
[TimeControl "180+1"]
[EndTime "8:34:08 PDT"]
[Termination "Druid24 won by resignation"]

1. e4 c5 2. Nc3 e6 3. Nf3 Nc6 4. Bb5 a6 5. Bxc6 bxc6 6. O-O d6 7. d3 e5 8. Be3 Nf6 9. h3 Be7 10. Nd2 O-O 11. f4 exf4 12. Bxf4 d5 13. e5 Ne8 14.
Qf3 Rb8 15. b3 Be6 16. Rae1 Nc7 17. Ne2 Nb5 18. a4 Nd4 19. Nxd4 cxd4 20. Qf2 Bh4 21.
Bg3 Bg5 22. Nf3 Be3 23. Rxe3 dxe3 24. Qxe3 f5 25. exf6 Qxf6 26. Bxb8 Rxb8 27. Nd4 1-0

[Event "Early-Titled-Tuesday-Blitz-September-05-2023"]
[Site "Chess.com"]
[Date "2023.09.05"]
[Round "4"]
[White "rikchessmx"]
[Black "TERMINATOR_PC"]
[Result "0-1"]
[WhiteElo "2390"]
[BlackElo "2519"]
[TimeControl "180+1"]
[EndTime "8:34:36 PDT"]
[Termination "TERMINATOR_PC won by resignation"]

1. e4 e5 2. Nf3 Nc6 3. Bb5 g6 4. O-O Bg7 5. c3 a6 6. Bc4 Nge7 7.
d3 O-O 8. a4 d6 9. h3 h6 10. Be3 Kh7 11. Nbd2 f5 12. exf5 gxf5 13. Nb3 d5 14. Bxd5 Nxd5 15. c4 Nxe3 16. fxe3 e4 17.
dxe4 fxe4 18. Nfd4 Nxd4 19. exd4 Rxf1+ 20. Qxf1 Bxd4+ 21. Nxd4 Qxd4+ 22. Kh1 Be6 23. Rd1 Qe5 24. b3 Rg8 25. Re1 c5 26. Qe2 Bf5 27. Qe3 Rd8 28. Qe2 Bg6 29. Qg4 e3 30. Qf3 Re8 31. Qxb7+ Re7 32. Qxa6 e2 33. Qa5 Qg3 34. Qd2 Qf2 35. a5 Be4 36. Rxe2 Bxg2+ 37. Kh2 Qxe2 0-1

[Event "Early-Titled-Tuesday-Blitz-September-05-2023"]
[Site "Chess.com"]
[Date "2023.09.05"]
[Round "4"]
[White "Doudou2015"]
[Black "TC2304"]
[Result "0-1"]
[WhiteElo "2163"]
[BlackElo "2359"]
[TimeControl "180+1"]
[EndTime "8:34:39 PDT"]
[Termination "TC2304 won by resignation"]

1. b3 d5 2. Bb2 c6 3. e3 Bf5 4. f4 Nf6 5. Nf3 e6 6. Be2 Nbd7 7. O-O h6 8. d3 Be7 9. h3 O-O 10. Nbd2 a5 11. a3 a4 12. b4 c5 13.
g4 Bh7 14. Ne5 Nxe5 15. fxe5 Nd7 16. bxc5 Nxc5 17. d4 Ne4 18. Nxe4 Bxe4 19. Bd3 Rc8 20. Bxe4 dxe4 21. Rf4 Qd5 22. Qe2 Rc6 23. Rc1 Bg5 24. Rf2 Rfc8 25. c3 Rb6 26. c4 Qd7 27. c5 Rb3 28. Rc3 Qd5 29. Bc1 Rxc3 0-1

[Event "Early-Titled-Tuesday-Blitz-September-05-2023"]
[Site "Chess.com"]
[Date "2023.09.05"]
[Round "4"]
[White "Vaathi_Coming"]
[Black "Karttunen"]
[Result "1-0"]
[WhiteElo "2863"]
[BlackElo "2580"]
[TimeControl "180+1"]
[EndTime "8:34:41 PDT"]
[Termination "Vaathi_Coming won by resignation"]

1. b3 d5 2. Bb2 Nc6 3. Nf3 f6 4. c4 d4 5. e3 e5 6. exd4 exd4 7. Bd3 Nge7 8. O-O g6 9. Na3 Bg7 10. Nc2 f5 11. b4 O-O 12. Re1 Qd6 13. c5 Qd5 14. b5 Ne5 15. Nxe5 Bxe5 16. Qe2 1-0

[Event "Early-Titled-Tuesday-Blitz-September-05-2023"]
[Site "Chess.com"]
[Date "2023.09.05"]
[Round "4"]
[White "LeoWin2012"]
[Black "Flaccidmoves"]
[Result "0-1"]
[WhiteElo "2228"]
[BlackElo "2473"]
[TimeControl "180+1"]
[EndTime "8:34:47 PDT"]
[Termination "Flaccidmoves won by resignation"]

1. e4 Nf6 2. e5 Nd5 3. d4 d6 4. c4 Nb6 5. f4 dxe5 6. fxe5 Bf5 7. Nc3 e6 8. Bd3 Qxd4 9. Bxf5 Qxd1+ 10. Kxd1 exf5 11.
b3 Nc6 12. Nf3 O-O-O+ 13. Ke2 Bb4 14. Bd2 Rhe8 15. Nb5 Bxd2 16. Nxd2 Rxe5+ 17. Kd1 a6 18. Nc3 Nd4 19. Rc1 Re7 20. Re1 Red7 21. Re3 f4 22.
Rh3 Nf5 23. Ne4 Ne3+ 24. Ke2 f5 25. Rxh7 fxe4 26. Nxe4 Nf5 27. Kf3 Nd4+ 28. Kf2 Re8 29. Nc5 Rde7 30. Nd3 Re2+ 31. Kf1 Rd2 32. Nxf4 Rf8 33. g3 g5 34. Rh8 Rxh8 0-1

[Event "Early-Titled-Tuesday-Blitz-September-05-2023"]
[Site "Chess.com"]
[Date "2023.09.05"]
[Round "4"]
[White "Logman74"]
[Black "CSB7"]
[Result "0-1"]
[WhiteElo "2480"]
[BlackElo "2701"]
[TimeControl "180+1"]
[EndTime "8:34:50 PDT"]
[Termination "CSB7 won by resignation"]

1. e4 e5 2. Nf3 Nf6 3. Nxe5 Nxe4 4. Qe2 Qe7 5. Qxe4 d6 6. d4 dxe5 7. dxe5 Nc6 8. Bf4 g5 9. Bg3 f5 10. Qe2 f4 11. Qh5+ Qf7 12. Qxg5 fxg3 13. hxg3 Bf5 14. Nd2 Be7 15. Qf4 O-O-O 16. Bc4 Qg6 17. O-O-O Bg5 18.
Qf3 Bxc2 0-1

[Event "Early-Titled-Tuesday-Blitz-September-05-2023"]
[Site "Chess.com"]
[Date "2023.09.05"]
[Round "4"]
[White "sergoy"]
[Black "CixPer1968"]
[Result "1-0"]
[WhiteElo "2891"]
[BlackElo "2174"]
[TimeControl "180+1"]
[EndTime "8:34:50 PDT"]
[Termination "sergoy won on time"]

1. d4 d5 2. c4 c6 3. Nf3 Nf6 4. Nc3 dxc4 5. a4 Bf5 6. Ne5 Nbd7 7. Nxc4 Nb6 8. Ne5 a5 9. f3 Nfd7 10. Nd3 e6 11. e4 Bg6 12. Be3 Be7 13. Be2 O-O 14.
O-O Nc4 15. Bf2 Rc8 16. Nf4 Ncb6 17. Qb3 Bf6 18. Rfd1 Qc7 19. Nxg6 hxg6 20. Rac1 Qb8 21. d5 Qc7 22. dxe6 fxe6 23. Qxe6+ Kh7 24. Bg3 Qd8 25. Bc4 1-0

[Event "Early-Titled-Tuesday-Blitz-September-05-2023"]
[Site "Chess.com"]
[Date "2023.09.05"]
[Round "4"]
[White "Rakitic2010"]
[Black "MKlose11"]
[Result "0-1"]
[WhiteElo "2427"]
[BlackElo "2649"]
[TimeControl "180+1"]
[EndTime "8:34:57 PDT"]
[Termination "MKlose11 won by checkmate"]

1. e4 e6 2. d4 d5 3. Nc3 Bb4 4. e5 Ne7 5. a3 Bxc3+ 6. bxc3 b6 7. Qg4 Ng6 8. h4 h5 9. Qg3 Ba6 10. Bxa6 Nxa6 11. Nf3 Nb8 12. Ng5 Qd7 13. f4 Ne7 14. O-O Nf5 15. Qh3 Nc6 16. Bd2 Na5 17. c4 Nxc4 18.
Bc3 Nce3 19. Rf2 O-O-O 20. a4 a5 21. Re2 Nc4 22. Nf3 Kb7 23. Nd2 Qc6 24. Rb1 Nxd2 25. Rxd2 Qxa4 26. Rdd1 Ra8 27. Rb3 Qc4 28. Qd3 Qxd3 29.
cxd3 a4 30. Rb4 a3 31. Rb3 Ra4 32. Ra1 Rha8 33. Kf2 Nxh4 34. Rh1 Nf5 35. Rxh5 a2 36.
Ba1 Nxd4 37. Rb2 Nf5 38. g4 Rxf4+ 39. Ke2 Rxg4 40. Kd1 Rg1+ 41. Kc2 Rxa1 42. Kb3 Rb1 43. Rh2 a1=Q 44. Rxb1 Qxb1+ 45. Rb2 Qxd3+ 46. Kb4 c5# 0-1

[Event "Early-Titled-Tuesday-Blitz-September-05-2023"]
[Site "Chess.com"]
[Date "2023.09.05"]
[Round "4"]
[White "GAusal"]
[Black "WindWhistler11"]
[Result "0-1"]
[WhiteElo "2283"]
[BlackElo "2486"]
[TimeControl "180+1"]
[EndTime "8:35:00 PDT"]
[Termination "WindWhistler11 won by resignation"]

1. d4 f5 2. g3 Nf6 3. Bg2 g6 4. Nh3 Bg7 5. O-O O-O 6. c4 d6 7. Nc3 Nc6 8. d5 Ne5 9. Qb3 Kh8 10. f4 Neg4 11. e4 e5 12. dxe6 Bxe6 13. Ng5 Bg8 14. exf5 gxf5 15. Nd5 Nxd5 16. Bxd5 Bd4+ 17. Kg2 Re8 18. Qd1 c5 19. Bd2 Qf6 20. Bc3 Ne3+ 21. Kh3 Qh6+ 0-1

[Event "Early-Titled-Tuesday-Blitz-September-05-2023"]
[Site "Chess.com"]
[Date "2023.09.05"]
[Round "4"]
[White "pirulillo"]
[Black "Grossboss19"]
[Result "0-1"]
[WhiteElo "2295"]
[BlackElo "2492"]
[TimeControl "180+1"]
[EndTime "8:35:01 PDT"]
[Termination "Grossboss19 won by resignation"]

1. e4 e6 2. d3 d5 3. Nd2 Nf6 4.
Ngf3 c5 5. g3 Nc6 6. Bg2 Be7 7.
O-O O-O 8. e5 Nd7 9. Re1 b5 10.
a4 b4 11. Nf1 Bb7 12. h4 Qc7 13.
Bf4 Rfc8 14. N1h2 Qd8 15. Bh3 Qe8 16. Ng5 Nf8 17. Ng4 Nd4 18. Nf6+ gxf6 19. exf6 Bxf6 20.
Qh5 Bg7 21. Rac1 f6 22. Qd1 fxg5 23. Bxg5 Qf7 24. Be3 Nf3+ 25. Kf1 0-1

[Event "Early-Titled-Tuesday-Blitz-September-05-2023"]
[Site "Chess.com"]
[Date "2023.09.05"]
[Round "4"]
[White "vovachesss"]
[Black "DishonorOnYourCow"]
[Result "1-0"]
[WhiteElo "2788"]
[BlackElo "2547"]
[TimeControl "180+1"]
[EndTime "8:35:10 PDT"]
[Termination "vovachesss won by resignation"]

1. e4 c5 2. Nf3 d6 3. d4 cxd4 4. Nxd4 Nf6 5. Nc3 Bd7 6. Rg1 Nc6 7. g4 Nxd4 8. Qxd4 Bc6 9. Be3 e5 10. Qd3 d5 11. exd5 Nxd5 12. O-O-O Nxe3 13. Qxe3 Qc7 14. Nd5 Qd6 15. Bc4 Be7 16. g5 O-O 17. Nf6+ gxf6 18. gxf6+ Kh8 19. Rxd6 Bxd6 20. Qh6 Rg8 21. Rg7 Be4 22. Bd3 1-0

[Event "Early-Titled-Tuesday-Blitz-September-05-2023"]
[Site "Chess.com"]
[Date "2023.09.05"]
[Round "4"]
[White "Kapitan_Bayan"]
[Black "tk22h"]
[Result "1-0"]
[WhiteElo "2211"]
[BlackElo "2393"]
[TimeControl "180+1"]
[EndTime "8:35:11 PDT"]
[Termination "Kapitan_Bayan won by resignation"]

1. e4 e5 2. Nf3 Nc6 3. Bc4 Nf6 4.
d3 Be7 5. O-O O-O 6. Nc3 d6 7.
Re1 Na5 8. h3 Nxc4 9. dxc4 Be6 10. b3 h6 11. Nd5 Re8 12. Bb2 Bf8 13. Qd3 Nh5 14. Rad1 c6 15. Ne3 Nf4 16. Qd2 Qf6 17.
Ng4 Nxh3+ 18. gxh3 Qxf3 19. Re3 Qf4 20. Qe2 Bxg4 21.
hxg4 Be7 22. Bc1 Qf6 23. Rf3 Qg6 24. Rf5 Rad8 25. Qf3 Bg5 26. Bxg5 hxg5 27. Kg2 f6 28. Rh1 Kf7 29. Rh5 Rh8 30. Rfxg5 1-0

[Event "Early-Titled-Tuesday-Blitz-September-05-2023"]
[Site "Chess.com"]
[Date "2023.09.05"]
[Round "4"]
[White "UB_TheQueen"]
[Black "Emp3rador"]
[Result "0-1"]
[WhiteElo "2081"]
[BlackElo "2469"]
[TimeControl "180+1"]
[EndTime "8:35:17 PDT"]
[Termination "Emp3rador won by resignation"]

1. e4 e6 2. d4 d5 3. Nc3 dxe4 4. Nxe4 Nd7 5. Nf3 Ngf6 6. Nxf6+ Nxf6 7. Bd3 b6 8. Bg5 Bb7 9. Qe2 Be7 10. O-O-O O-O 11.
Ne5 a5 12. f3 a4 13. a3 Nd5 14. Bd2 Bg5 15. h4 Nf4 16. Qf1 Nxd3+ 17. Qxd3 Bxd2+ 18. Rxd2 Qd5 19. h5 h6 20. g4 c5 21. Qe3 Qa2 22. Rg2 Qa1+ 23. Kd2 Qxh1 24. g5 Qxg2+ 0-1

[Event "Early-Titled-Tuesday-Blitz-September-05-2023"]
[Site "Chess.com"]
[Date "2023.09.05"]
[Round "4"]
[White "chito89"]
[Black "Russian_berezka"]
[Result "1-0"]
[WhiteElo "2805"]
[BlackElo "2554"]
[TimeControl "180+1"]
[EndTime "8:35:22 PDT"]
[Termination "chito89 won by resignation"]

1. e4 e5 2. Bc4 Nf6 3. d3 c6 4.
Nf3 d5 5. Bb3 Bb4+ 6. Bd2 Bd6 7.
Nc3 d4 8. Ne2 a5 9. a3 Na6 10.
Ng3 Nc5 11. Ba2 a4 12. O-O O-O 13. h3 Be6 14. Bg5 h6 15. Bd2 Qd7 16. Nh4 Bxa2 17. Rxa2 Qe6 18. Ra1 Rfd8 19. Nhf5 Bf8 20. f4 Nfd7 21.
Qf3 g6 22. Nh4 exf4 23. Bxf4 Ne5 24. Bxe5 Be7 25. Bf6 Bxf6 26. Qxf6 Qxf6 27. Rxf6 1-0

[Event "Early-Titled-Tuesday-Blitz-September-05-2023"]
[Site "Chess.com"]
[Date "2023.09.05"]
[Round "4"]
[White "Rikikits"]
[Black "slidingknight2775"]
[Result "1-0"]
[WhiteElo "2851"]
[BlackElo "2578"]
[TimeControl "180+1"]
[EndTime "8:35:25 PDT"]
[Termination "Rikikits won by resignation"]

1. b3 d5 2. Bb2 c5 3. e3 Nf6 4. f4 a6 5. Nf3 Nc6 6. g3 g6 7. Bg2 Bg7 8. O-O O-O 9. Ne5 Qc7 10.
Nxc6 bxc6 11. Be5 Qd8 12. c4 Bf5 13. Nc3 e6 14. d3 h5 15. h3 Qa5 16. e4 dxe4 17.
dxe4 Rfd8 18. Qe1 1-0

[Event "Early-Titled-Tuesday-Blitz-September-05-2023"]
[Site "Chess.com"]
[Date "2023.09.05"]
[Round "4"]
[White "frederiksvane"]
[Black "kikoveiga"]
[Result "1-0"]
[WhiteElo "2922"]
[BlackElo "2598"]
[TimeControl "180+1"]
[EndTime "8:35:32 PDT"]
[Termination "frederiksvane won by resignation"]

1. d4 Nf6 2. Nf3 d5 3. Bf4 Bf5 4. c4 e6 5. Nc3 c6 6. Qb3 Qb6 7.
c5 Qxb3 8. axb3 Nbd7 9. b4 Nh5 10.
Bd2 Be7 11. h3 Bg6 12. g4 Nhf6 13. Bf4 h5 14. g5 Ne4 15. h4 f6 16. Rg1 Kf7 17.
Bh3 Bf5 18. Bxf5 exf5 19. g6+ Ke6 20. Nd2 a6 21. Nb3 b6 22. Na2 Bd8 23. f3 bxc5 24. dxc5 1-0